 Dungeon Crawl Stone Soup version 0.28-a0-1594-ga885d4b3d6 (webtiles) character file.

Game seed: 6304629832510761059

10412 mordus the Grappler (level 11, -6/166 HPs)
             Began as a Troll Berserker on Jan 20, 2022.
             Was a High Priest of Trog.
             Mangled by an orc warrior (17 damage)
             ... led by an orc knight
             ... on level 12 of the Dungeon.
             The game lasted 00:23:56 (10392 turns).

mordus the Grappler (Troll Berserker)              Turns: 10392, Time: 00:23:57

Health: -6/166     AC:  8    Str: 29    XL:     11   Next: 35%
Magic:  10/10      EV: 11    Int:  5    God:    Trog [*****.]
Gold:   570        SH:  0    Dex:  9    Spells: 10/10 levels left

rFire   . . .      SeeInvis .     - Unarmed
rCold   . . .      Faith    .   (no shield)
rNeg    . . .      Spirit   .   o - +0 troll leather armour
rPois   .          Reflect  .   e - +0 hat
rElec   .          Harm     .   l - +1 cloak
rCorr   +          Rampage  .   (gloves unavailable)
Will    +++..                   (boots unavailable)
Stlth   ..........              f - amulet of Caossap {rF- Will+ Regen+ Slay+5}
HPRegen 3.77/turn               b - ring of protection from fire
MPRegen 0.12/turn               E - ring of resist corrosion

@: berserking (expiring), lethally poisoned (-6 -> -12), strong-willed, spiked,
regenerating, very quick
A: large, unfitting armour, claws 3, regeneration 1, shaggy fur 1, tough skin 1
a: Renounce Religion, Berserk, Trog's Hand, Brothers in Arms


You were on level 12 of the Dungeon.
You worshipped Trog.
Trog was extremely pleased with you.
You visited 2 branches of the dungeon, and saw 13 of its levels.
You also visited: Sewer.

You collected 570 gold pieces.

Inventory:

Hand Weapons
 H - a +3 hand axe of flaming
Armour
 a - a +0 animal skin
 e - a +0 hat (worn)
 l - a +1 cloak (worn)
 o - a +0 troll leather armour (worn)
Jewellery
 b - a ring of protection from fire (left claw)
 f - the amulet of Caossap (around neck) {rF- Will+ Regen+ Slay+5}
   (You acquired it on level 12 of the Dungeon)

   [amulet of regeneration]

   Slay:      It affects your accuracy & damage with ranged weapons and melee
   (+5).
   rF:        It makes you vulnerable to fire.
   Regen:     It increases your rate of health regeneration.
   Will:      It increases your willpower.
 E - a ring of resist corrosion (right claw)
Wands
 h - a wand of mindburst (7)
 w - a wand of iceblast (6)
 z - a wand of polymorph (13)
 A - a wand of flame (21)
 C - a wand of paralysis (3)
 F - a wand of digging (12)
Scrolls
 d - 2 scrolls of fear
 k - a scroll of summoning
 m - a scroll of magic mapping
 n - 3 scrolls of identify
 q - 2 scrolls of immolation
 u - 3 scrolls of brand weapon
 y - 2 scrolls of vulnerability
 B - 2 scrolls of enchant weapon
Potions
 c - 6 potions of curing
 g - 2 potions of invisibility
 i - 4 potions of heal wounds
 j - a potion of flight {unknown}
 p - 2 potions of lignification
 s - a potion of magic
 t - 2 potions of cancellation
 v - 4 potions of haste


   Skills:
 + Level 7.8 Fighting
 + Level 1.6 Armour
 + Level 7.9 Dodging
 * Level 12.9 Unarmed Combat
 + Level 1.6 Evocations


You had 10 spell levels left.
You didn't know any spells.
Your spell library was empty.

Dungeon Overview and Level Annotations

Branches:
Dungeon (12/15)            Temple (1/1) D:6            Lair (0/6) D:10
    Orc (0/2) D:12          Sewer (visited)

Altars:
Ashenzari
Cheibriados
Dithmenos
Elyvilon
Fedhas
Gozag
Hepliaklqana
Kikubaaqudgha
Makhleb
Nemelex Xobeh
Okawaru
Qazlal
Ru
Sif Muna
Trog
Uskayaw
Vehumet
Wu Jian
Xom
Yredelemnul
Zin
The Shining One
Beogh

Shops:
D:4 =[?   D:7 (   D:10 (   D:11 !


Innate Abilities, Weirdness & Mutations

You are too large for most types of armour.
You have claws for hands.
Your natural rate of healing is unusually fast.
You are covered in fur. (AC +1)
You have tough skin. (AC +1)


Message History

Things that are here:
a +0 mace; a +0 chain mail You are too injured to fight recklessly!
You are too injured to fight recklessly!
You are too injured to fight recklessly!
You are too injured to fight recklessly!
You claw the orc knight!
The orc knight is lightly wounded.
You barely miss the orc knight.
The orc knight is lightly wounded.
The orc warrior hits you with a +0 hand axe.
The orc warrior barely misses you.
The orc warrior hits you with a +0 trident!
The orc knight hits you with a +1 great sword.
The red devil hits you from afar with a +2 demon trident of venom!
* * * LOW HITPOINT WARNING * * *
Barbed spikes become lodged in your body.
You are poisoned.
You claw the orc knight! Your claw misses the orc knight.
The orc knight is moderately wounded.
You feel sick.
You barely miss the orc knight.
The orc knight is moderately wounded.
You feel sick. The orc warrior misses you. The orc warrior closely misses you.
The orc warrior hits you with a +0 hand axe!
* * * LOW HITPOINT WARNING * * *
The orc knight roars a battlecry!
The orcs go into a battle-frenzy!
The red devil hits you from afar with a +2 demon trident of venom!
* * * LOW HITPOINT WARNING * * *
Barbed spikes become lodged in your body.
You are more poisoned.
The barbs in your skin will harm you if you move.
Continue?
Okay, then.
The barbs in your skin will harm you if you move.
Continue?
The barbed spikes dig painfully into your body as you move.
* * * LOW HITPOINT WARNING * * *
You feel very sick.
The orc warrior hits you from afar with a +0 trident!
You die...

#####[#########
#######........<...##
#.....#..............
#.....#...†.<).....#.
#.o_o.#............##
#o4ooo#............##
#ooooo#............##
###)###............##
########8..@8#............##
#.........................##
######'#..>...............##
#####.#..................#
#.....##..#######..######
###.######.## #.#
#..........# ...
#..........# .. #..........#


You could see an orc sorcerer (strong), a red devil (summoned), 2 orc warriors,
an orc priest (strong) and 2 orcs.

Vanquished Creatures
  A slime creature (D:12)
  A boulder beetle (D:12)
  A two-headed ogre (D:12)
  A cyclops (D:12)
  A komodo dragon (D:11)
  A kobold demonologist (D:10)
  2 trolls
  A shadow (D:9)
  2 wyverns
  2 wraiths
  3 yaks (D:10)
  Grum (D:10)
  A vampire (D:10)
  2 steam dragons
  An acid dragon (D:11)
  Duvessa (D:7)
  A sky beast (D:5)
  6 orc warriors
  4 black bears
  2 ogres
  2 necrophages
  4 wolves (D:10)
  4 centaurs
  4 kobold brigands
  A bullfrog (D:8)
  2 gnoll sergeants
  4 scorpions
  A wyvern zombie (D:8)
  Dowan (D:7)
  5 wights (D:10)
  8 howler monkeys
  2 bullfrog zombies
  A bullfrog skeleton (D:7)
  3 centaur zombies
  4 hounds
  Crazy Yiuf (D:2)
  3 gnoll shamans
  2 orc priests (D:7)
  2 centaur skeletons
  Natasha (twice) (D:2)
  2 iguanas
  18 orc wizards
  A hound skeleton (D:5)
  A howler monkey skeleton (D:7)
  A howler monkey zombie (D:10)
  18 gnolls
  7 adders
  2 white imps (D:6)
  2 worms
  3 dart slugs
  36 orcs
  13 bats
  15 endoplasms
  5 giant cockroaches
  4 goblins
  8 hobgoblins
  19 jackals
  25 kobolds
  5 quokkas
  5 ball pythons
  3 frilled lizards
  9 rats
293 creatures vanquished.

Vanquished Creatures (others)
  An orc (D:12)
  A plant (Sewer)
2 creatures vanquished.

Grand Total: 295 creatures vanquished

Notes
Turn   | Place    | Note
-------+----------+-------------------------------------------
     0 | D:1      | mordus the Troll Berserker began the quest for the Orb.
     0 | D:1      | Reached XP level 1. HP: 22/22 MP: 0/0
    61 | D:1      | Reached XP level 2. HP: 14/29 MP: 1/1
   207 | D:1      | Reached XP level 3. HP: 36/36 MP: 2/2
   223 | D:1      | Reached ** piety under Trog
   688 | D:2      | Reached skill level 4 in Unarmed Combat
   825 | D:2      | Reached XP level 4. HP: 44/44 MP: 3/3
   866 | D:2      | Found a runed translucent door.
   867 | D:2      | Noticed Crazy Yiuf
   986 | D:2      | Found a faded altar of an unknown god.
  1050 | D:2      | Noticed Natasha
  1063 | D:2      | Killed Natasha
  1160 | D:2      | Noticed Natasha
  1166 | D:2      | Killed Natasha
  1167 | D:2      | Reached XP level 5. HP: 47/53 MP: 4/4
  1317 | D:2      | Killed Crazy Yiuf
  1588 | D:3      | Reached *** piety under Trog
  1690 | D:3      | Reached skill level 5 in Unarmed Combat
  1769 | D:3      | Reached XP level 6. HP: 57/61 MP: 5/5
  2232 | D:4      | Found Vuff's Jewellery Shop.
  2462 | D:4      | Found Vufilum's Magic Scroll Shop.
  2546 | D:4      | Found Hedog's Armour Boutique.
  2613 | D:5      | Entered Level 5 of the Dungeon
  2689 | D:5      | Reached skill level 6 in Unarmed Combat
  2708 | D:5      | Reached XP level 7. HP: 68/68 MP: 6/6
  2809 | D:5      | Found a glowing drain.
  2822 | Sewer    | Entered a sewer
  2948 | Sewer    | Reached **** piety under Trog
  3113 | D:5      | Noticed a wraith
  3128 | D:5      | Killed a wraith
  3129 | D:5      | Reached skill level 7 in Unarmed Combat
  3412 | D:5      | Reached XP level 8. HP: 61/79 MP: 7/7
  3685 | D:6      | Reached skill level 5 in Dodging
  3685 | D:6      | Reached skill level 8 in Unarmed Combat
  3702 | D:6      | Reached skill level 5 in Fighting
  4070 | D:6      | Found a hazy altar of Hepliaklqana.
  4100 | D:6      | Found a staircase to the Ecumenical Temple.
  4137 | D:6      | Reached skill level 9 in Unarmed Combat
  4137 | D:6      | Reached XP level 9. HP: 88/88 MP: 8/8
  4227 | Temple   | Entered the Ecumenical Temple
  5043 | D:7      | Noticed Duvessa
  5051 | D:7      | Noticed Dowan
  5103 | D:7      | Killed Duvessa
  5106 | D:7      | Killed Dowan
  5422 | D:7      | Found Zapne's Firing Range.
  5476 | D:7      | Reached ***** piety under Trog
  5599 | D:7      | Reached skill level 10 in Unarmed Combat
  6039 | D:8      | Noticed a troll
  6045 | D:8      | Killed a troll
  6765 | D:9      | Reached XP level 10. HP: 100/100 MP: 9/9
  6911 | D:9      | Reached skill level 11 in Unarmed Combat
  7152 | D:10     | Entered Level 10 of the Dungeon
  7883 | D:10     | Found Ifeip's Weapon Boutique.
  7922 | D:10     | Found a staircase to the Lair.
  7936 | D:10     | Noticed Grum
  7974 | D:10     | Killed Grum
  7975 | D:10     | Reached skill level 12 in Unarmed Combat
  9308 | D:11     | Found Wiexea Vanou's Distillery.
  9937 | D:11     | Reached XP level 11. HP: 78/109 MP: 10/10
  9981 | D:12     | Noticed a boulder beetle
 10207 | D:12     | Reached skill level 1 in Armour
 10207 | D:12     | Reached skill level 1 in Evocations
 10224 | D:12     | Identified a scroll of acquirement
 10224 | D:12     | Acquired the amulet of Caossap {rF- Will+ Regen+ Slay+5}
 10311 | D:12     | Noticed a two-headed ogre
 10314 | D:12     | Killed a boulder beetle
 10321 | D:12     | Killed a two-headed ogre
 10344 | D:12     | Found a staircase to the Orcish Mines.
 10383 | D:12     | Noticed an orc sorcerer
 10384 | D:12     | Noticed an orc knight
 10392 | D:12     | Mangled by an orc warrior

Illustrated notes

Levels and vault maps discovered:
D:1:      roderic_crop_circles_arrival_small, layout_basic, minmay_unequal
D:2:      layout_rooms, dreamdust_ecumenical_altar_angels_and_demons,
          uniq_natasha, uniq_crazy_yiuf_cottage
D:3:      layout_basic
D:4:      layout_rooms, serial_shops, shop, shop_scrolls, shop, grunt_decor_cap
D:5:      layout_basic, portal_sewer_entry_f
D:6:      layout_loops_cross, kennysheep_mini, minmay_temple_entry_butterflies
D:7:      layout_cave_pools, serial_gnoll_camp, gnoll_camp_mini_hut,
          gnoll_camp_mini_house, gnoll_camp_mini_loothouse,
          gnoll_camp_mini_sergeant, nicolae_shop_firing_range, uniq_duvessa
D:8:      layout_basic, chequers_hall_statues_wall_a, nicolae_two_hexagons
D:9:      layout_rooms
D:10:     layout_loops_ring, lair_entry_dummy, serial_shops,
          nicolae_shop_bloodbath_and_beyond, kennysheep_windowed_goal, uniq_grum
D:11:     layout_grid_maze, serial_shops, shop
D:12:     layout_roguey, minmay_orc_entry_temple_small
Temple:   mainiacjoe_temple_starburst

Skill      XL: |  1  2  3  4  5  6  7  8  9 10 11 |
---------------+----------------------------------+-----
Unarmed Combat | 4 5 6 7 9 10 12 | 12.9
Fighting       | 3 4 5 6 7 |  7.8
Dodging        | 3 4 5 6 7 |  7.9
Armour         | 1 |  1.6
Evocations     | 1 |  1.6

Action                   |  1- 3 |  4- 6 |  7- 9 | 10-12 || total
-------------------------+-------+-------+-------+-------++-------
Melee: Unarmed           |    97 |   145 |   341 |   227 ||   810
       Punch             |     3 |     5 |    20 |    10 ||    38
Invok: Trog's Hand       |       |     1 |     4 |     8 ||    13
       Berserk           |       |     1 |     1 |     3 ||     5
  Use: Scroll            |       |       |       |    20 ||    20
       Potion            |       |       |       |     4 ||     4
Armor: Animal skin       |    46 |    40 |    79 |    50 ||   215
       Troll leather arm |       |       |       |     7 ||     7
Dodge: Dodged            |    58 |    60 |   177 |    94 ||   389

Table legend: (Time is in decaauts)
 A = Elapsed time spent in this place.
 B = Non-inter-level travel time spent in this place.
 C = Inter-level travel time spent in this place.
 D = Time resting spent in this place.
 E = Time spent auto-exploring this place.
 F = Levels seen in this place.
 G = Mean time per level.
                   A        B        C        D        E       F      G
               +--------+--------+--------+--------+--------+-----+--------+
         Total |  10375 |   9773 |    602 |    598 |   7113 |  14 |  741.1 |
       Dungeon |   9528 |   8973 |    555 |    598 |   6461 |  12 |  794.0 |
        Temple |    571 |    524 |     47 |      0 |    516 |   1 |  571.0 |
         Sewer |    275 |    275 |      0 |      0 |    135 |   1 |  275.0 |
               +--------+--------+--------+--------+--------+-----+--------+

Top non-repeatable levels by time:
    D:11: 1455 daAuts
    D:10: 1168 daAuts
     D:7: 953 daAuts
     D:6: 947 daAuts
     D:8: 909 daAuts
     D:3: 810 daAuts
     D:2: 722 daAuts
     D:5: 721 daAuts
     D:1: 665 daAuts
  Temple: 571 daAuts
     D:9: 471 daAuts
     D:4: 415 daAuts
    D:12: 287 daAuts
   Sewer: 275 daAuts
